 Dungeon Crawl Stone Soup version 0.27-a0-1154-gfdeffcb720 (webtiles) character file.

Game seed: 14200820996555369051

83 rocky1 the Shield-Bearer (level 4, 0/28 HPs)
             Began as a Gargoyle Fighter on May 15, 2021.
             Slain by Terence
             ... wielding a +4 flail of protection
              (3 damage)
             ... on level 2 of the Dungeon.
             The game lasted 00:03:37 (1947 turns).

rocky1 the Shield-Bearer (Gargoyle Fighter)         Turns: 1947, Time: 00:03:38

Health: 0/28       AC: 10    Str: 20    XL:     4   Next: 44%
Magic:  4/4        EV:  7    Int:  9    God:
Gold:   40         SH:  9    Dex:  9    Spells: 3/3 levels left

rFire    . . .     SeeInvis .   a - +0 flail
rCold    . . .     Faith    .   c - +0 kite shield
rNeg     + . .     Spirit   .   b - +0 scale mail
rPois    ∞         Reflect  .   (no helmet)
rElec    +         Harm     .   (no cloak)
rCorr    .         Rampage  .   (no gloves)
Will     .....                  (no boots)
Stlth    ..........             (no amulet)
HPRegen  0.09/turn              (no ring)
MPRegen  0.09/turn              (no ring)

@: no status effects
A: sickness immunity, AC +3, negative energy resistance 1, electricity
resistance, torment resistance 1, petrification resistance
a: no special abilities


You were on level 2 of the Dungeon.
You visited 1 branch of the dungeon, and saw 2 of its levels.

You collected 40 gold pieces.

Inventory:

Hand Weapons
 a - a +0 flail (weapon)
Missiles
 g - 7 poisoned darts (quivered)
Armour
 b - a +0 scale mail (worn)
 c - a +0 kite shield (worn)
Jewellery
 e - an amulet of faith
 f - a ring of fire
 m - a ring of flight
Scrolls
 h - a scroll of summoning {unknown}
 j - a scroll of identify {unknown}
 k - a scroll of teleportation {unknown}
 n - a scroll of blinking {unknown}
Potions
 d - 2 potions of brilliance {unknown}
 i - a potion of berserk rage {unknown}
 l - a potion of flight {unknown}
 o - a potion of magic {unknown}
 p - a potion of curing


   Skills:
 - Level 3.2 Fighting
 + Level 3.4 Maces & Flails
 - Level 3.2 Armour
 + Level 4.6 Shields


You had 3 spell levels left.
You didn't know any spells.
Your spell library was empty.

Dungeon Overview and Level Annotations

Branches:
Dungeon (2/15)

Altars:

Annotations:
D:2 Terence


Innate Abilities, Weirdness & Mutations

You are immune to sickness and miasma.
Your stone body is resilient. (AC +3)
You are immune to poison.
You resist negative energy. (rN+)
You are resistant to electric shocks. (rElec)
You are resistant to unholy torment.
You are immune to petrification.


Message History

There is an open door here.
You open the door.
There is an open door here.
Found a trident.
You see here a +0 trident.
p - a murky brown potion
Found a stone staircase leading down.
Terence the Incautious comes into view.
He is wielding a +4 flail of protection.
Terence shouts!
Terence shouts, "Now you die!"
Terence moves out of view.
Terence is nearby!
Terence hits you with a +4 flail of protection.
Your shield and scale mail prevent you from hitting Terence.
You block Terence's attack.
You hit Terence but do no damage.
Terence hits you with a +4 flail of protection!
Terence closely misses you.
You barely miss Terence. You block Terence's attack.
Your scale mail prevents you from hitting Terence.
Terence hits you with a +4 flail of protection.
Terence hits you but does no damage.
You thump Terence!
Terence is moderately wounded.
Terence completely misses you.
You hit Terence but do no damage.
Terence is moderately wounded.
Terence hits you with a +4 flail of protection!
* * * LOW HITPOINT WARNING * * *
You thump Terence!
Terence is almost dead.
You block Terence's attack.
Terence drinks a potion.
Terence is healed!
Your shield prevents you from hitting Terence.
Terence is moderately wounded.
Terence completely misses you.
You hit Terence.
Terence is moderately wounded.
You block Terence's attack.
Terence hits you with a +4 flail of protection.
You die...

#.# #.# #.##############
.#...............
.....###......#####
.###..............###
...................>#
.###..##.##+#.###.#.#
................@@#
.....................#
............#.###.......
..............# .....##
############### .......
..##......## ...#..#
......P....## ...#..#
≈..P.≈....P.## +### ..
#.P.≈≈≈......#


You could see Terence.

Vanquished Creatures
  3 gnolls (D:2)
  2 adders (D:2)
  3 endoplasms
  A giant cockroach (D:1)
  2 goblins (D:2)
  A hobgoblin (D:1)
  12 jackals
  A kobold (D:2)
  A ball python (D:2)
  2 bats (D:1)
  A frilled lizard (D:1)
  2 rats
31 creatures vanquished.

Vanquished Creatures (others)
  12 plants (D:2)
12 creatures vanquished.

Grand Total: 43 creatures vanquished

Notes
Turn   | Place    | Note
-------+----------+-------------------------------------------
     0 | D:1      | rocky1 the Gargoyle Fighter began the quest for the Orb.
     0 | D:1      | Reached XP level 1. HP: 14/14 MP: 1/1
   182 | D:1      | Reached XP level 2. HP: 14/19 MP: 2/2
   806 | D:2      | Reached XP level 3. HP: 23/23 MP: 3/3
   814 | D:2      | Reached skill level 4 in Shields
  1353 | D:2      | Reached XP level 4. HP: 28/28 MP: 4/4
  1935 | D:2      | Noticed Terence
  1947 | D:2      | Slain by Terence

Illustrated notes

Levels and vault maps discovered:
D:1:      amcnicky_arrival_single_pillar, layout_loops_ring
D:2:      wad_lake_hut, layout_basic, uniq_terence, uniq_jessica

Skill      XL: |  1  2  3 |
---------------+----------+-----
Shields        | 4 |  4.6
Maces & Flails | 3 |  3.4
Fighting       | |  3.2
Armour         | |  3.2

Action                   |  1- 3 |  4- 6 || total
-------------------------+-------+-------++-------
Melee: Flail             |    89 |    74 ||   163
  Use: Potion            |     1 |       ||     1
Armor: Scale mail        |    50 |    28 ||    78
Dodge: Dodged            |    43 |    24 ||    67
Block: Kite shield       |    52 |    42 ||    94

Table legend: (Time is in decaauts)
 A = Elapsed time spent in this place.
 B = Non-inter-level travel time spent in this place.
 C = Inter-level travel time spent in this place.
 D = Time resting spent in this place.
 E = Time spent auto-exploring this place.
 F = Levels seen in this place.
 G = Mean time per level.
                   A        B        C        D        E       F      G
               +--------+--------+--------+--------+--------+-----+--------+
         Total |   2074 |   2051 |     23 |    441 |   1171 |   2 | 1037.0 |
       Dungeon |   2074 |   2051 |     23 |    441 |   1171 |   2 | 1037.0 |
               +--------+--------+--------+--------+--------+-----+--------+

Top non-repeatable levels by time:
     D:2: 1262 daAuts
     D:1: 811 daAuts
